[Event "Titled Tuesday Blitz November 14 Early 2023"]
[White "Khater, Sherif"]
[Black "Foisor, Sabina-Francesca"]
[WhiteFideId "2034280"]
[BlackFideId "1212915"]
[WhiteElo "2620"]
[BlackElo "2460"]
[Result "1-0"]
[Round "10"]
[TimeControl "180+1"]
[Date "2023.11.14"]
[WhiteClock "0:00:24"]
[BlackClock "0:00:02"]
[Board "81"]

1. d4 d5 2. Nf3 Nf6 3. e3 c5 4. c3 Nc6 5. Bd3 Bg4 6. Nbd2 e6 7. h3 Bh5 8. O-O Be7 9. Re1 O-O 10. Nf1 Ne4 11. Ng3 Nxg3 12. fxg3 Bd6 13. g4 Bg6 14. e4 dxe4 15. Bxe4 Bg3 16. Re2 cxd4 17. Nxd4 Nxd4 18. cxd4 Bxe4 19. Rxe4 Qd5 20. Qf3 Bc7 21. Qd3 Rad8 22. Bd2 f5 23. gxf5 exf5 24. Re7 Bb6 25. Bc3 Bxd4+ 26. Bxd4 Qxd4+ 27. Qxd4 Rxd4 28. Rxb7 a5 29. Rc1 Rb4 30. Ra7 Rxb2 31. Rcc7 Rd8 32. Rxg7+ Kf8 33. Rxh7 Kg8 34. Rhg7+ Kh8 35. Rh7+ Kg8 36. Rag7+ Kf8 37. Rf7+ Kg8 38. Rhg7+ Kh8 39. Rg5 Rd5 40. Rfxf5 Rxf5 41. Rxf5 Rxa2 42. Kh2 a4 43. Ra5 Kg7 44. h4 a3 45. Kh3 Ra1 46. Kg4 Kg6 47. Ra6+ Kg7 48. Kh5 a2 49. g4 Kf7 50. g5 Kf8 51. Kh6 Rh1 52. Rxa2 Rxh4+ 53. Kg6 Rb4 54. Ra8+ Ke7 55. Kg7 Rg4 56. g6 Rg1 57. Ra2 Ke8 58. Re2+ Kd7 59. Kh7 Rh1+ 60. Kg8 Rg1 61. g7 Rh1 62. Re4 Kd6 63. Kf7 Rf1+ 64. Kg6 Rg1+ 65. Kf6 Rg2 66. Re8 Rf2+ 67. Kg6 Rg2+ 68. Kh7 Rh2+ 69. Kg8 Kd7 70. Re1 Rg2 71. Rh1 Ke7 72. Kh8 Kf7 73. Rf1+ Ke7 74. Rf4 Rh2+ 75. Kg8 Rh1 76. Rf7+ Ke8 77. Rf2 Ke7 78. Re2+ Kd7 79. Kf7 Rf1+ 80. Kg6 Rg1+ 81. Kf6 Kd6 82. Rd2+ Kc7 83. Rd5 Rf1+ 84. Rf5 Rg1 85. Kf7 Kd7 86. g8=Q Rxg8 87. Kxg8 1-0


[Site "https://www.chess.com"]

[Event "Titled Tuesday Blitz November 14 Early 2023"]
[White "Larino Nieto, David"]
[Black "Jamal-Jamal-Jamal"]
[WhiteFideId "2256444"]
[WhiteElo "2600"]
[BlackElo "2439"]
[Result "1-0"]
[Round "10"]
[TimeControl "180+1"]
[Date "2023.11.14"]
[WhiteClock "0:00:19"]
[BlackClock "0:00:18"]
[Board "82"]

1. a3 Nf6 2. b3 e6 3. c3 d5 4. d3 c5 5. e3 Nc6 6. f3 h5 7. Ra2 h4 8. Rf2 Bd6 9. d4 cxd4 10. cxd4 Qc7 11. Rc2 Bxh2 12. Ne2 Bd6 13. Nbc3 a6 14. e4 dxe4 15. fxe4 Bg3+ 16. Kd2 Bf4+ 17. Ke1 Bg3+ 18. Kd2 Ng4 19. Nxg3 Qxg3 20. Qe1 Qxe1+ 21. Kxe1 Nxd4 22. Rb2 Bd7 23. Ne2 Nxe2 24. Bxe2 Ne5 25. Bg5 Ng6 26. Rc2 Bc6 27. Kf2 f6 28. Be3 Kf7 29. b4 Rac8 30. Bf3 Ne5 31. Bd4 Nxf3 32. gxf3 e5 33. Bb6 g5 34. Rd2 h3 35. Kg3 Kg6 36. Rxh3 Rxh3+ 37. Kxh3 Rh8+ 38. Kg3 Kf7 39. Rd6 Re8 40. Kg4 Re6 41. Rd8 Re8 42. Rd6 Re6 43. Rd2 Re7 44. Bc5 Rd7 45. Rh2 Ke6 46. Rh8 Rd1 47. Rh7 f5+ 48. exf5+ Kf6 49. Be7# 1-0


[Site "https://www.chess.com"]

[Event "Titled Tuesday Blitz November 14 Early 2023"]
[White "ChessLebaneseSalah"]
[Black "Ezat, Mohamed"]
[BlackFideId "10600906"]
[WhiteElo "2423"]
[BlackElo "2594"]
[Result "0-1"]
[Round "10"]
[TimeControl "180+1"]
[Date "2023.11.14"]
[WhiteClock "0:00:05"]
[BlackClock "0:00:53"]
[Board "83"]

1. e4 e5 2. Nf3 Nc6 3. Bb5 Nge7 4. Nc3 d6 5. O-O Bd7 6. Re1 g6 7. d4 exd4 8. Nxd4 Bg7 9. Be3 O-O 10. Qd2 a6 11. Be2 f5 12. exf5 Nxf5 13. Nxf5 Bxf5 14. Nd5 Kh8 15. c3 Ne5 16. Bh6 Qd7 17. Bxg7+ Qxg7 18. Ne3 Be4 19. Nc4 Bc6 20. Nxe5 dxe5 21. Bf1 Rad8 22. Qe3 e4 23. Rad1 Qf7 24. Rd4 Qxa2 25. Red1 Rde8 26. Bc4 Qxb2 27. Rd7 Qb6 28. Qh6 Qxf2+ 29. Kh1 Bxd7 30. h3 Be6 31. Bxe6 Rxe6 32. Rd7 Qf1+ 33. Kh2 Qf4+ 34. Qxf4 Rxf4 35. Rxc7 e3 0-1


[Site "https://www.chess.com"]

[Event "Titled Tuesday Blitz November 14 Early 2023"]
[White "Cheer_Down"]
[Black "Derjabin, Ilja"]
[BlackFideId "14104768"]
[WhiteElo "2403"]
[BlackElo "2569"]
[Result "0-1"]
[Round "10"]
[TimeControl "180+1"]
[Date "2023.11.14"]
[WhiteClock "0:01:37"]
[BlackClock "0:01:18"]
[Board "84"]

1. c4 c5 2. Nf3 Nf6 3. Nc3 g6 4. g3 Bg7 5. Bg2 O-O 6. d4 Nc6 7. d5 Na5 8. Nd2 d6 9. O-O a6 10. Qc2 b5 11. b3 b4 12. Na4 Bd7 13. Bb2 Bxa4 14. bxa4 Nd7 15. Bxg7 Kxg7 16. Nb3 Ne5 17. Nd2 Rb8 18. h3 f5 19. f4 Nd7 20. e4 fxe4 21. Nxe4 Rf5 22. Ng5 Rxg5 23. fxg5 Ne5 24. Rf4 b3 25. axb3 Nxb3 26. Rd1 Nd4 27. Rdxd4 cxd4 28. Rxd4 Qb6 29. Qf2 Rf8 30. Rf4 Qxf2+ 31. Kxf2 Nd3+ 32. Ke3 Nxf4 33. gxf4 Rc8 34. Kd4 Rf8 35. Ke3 Rb8 36. Kd4 Rb4 37. a5 Ra4 38. Bf1 Rxa5 39. Bd3 Ra3 40. Be4 0-1


[Site "https://www.chess.com"]

[Event "Titled Tuesday Blitz November 14 Early 2023"]
[White "Sharafiev, Azat"]
[Black "Lund, Gunnar"]
[WhiteFideId "4186214"]
[BlackFideId "1520814"]
[WhiteElo "2400"]
[BlackElo "2549"]
[Result "1/2-1/2"]
[Round "10"]
[TimeControl "180+1"]
[Date "2023.11.14"]
[WhiteClock "0:02:19"]
[BlackClock "0:02:38"]
[Board "85"]

1. e4 h5 2. d4 a5 3. c4 h4 4. Nc3 a4 5. Nf3 h3 6. gxh3 a3 7. b3 d6 8. Bf4 g6 9. Qd2 Bg7 10. O-O-O Nc6 11. Bg2 Bxh3 12. Bxh3 Rxh3 13. Ng5 Rh5 14. Nf3 Rh3 15. Ng5 Rh5 16. Nf3 Qd7 17. Rhg1 Rh3 18. Ng5 Rh5 19. Nf3 Rh3 20. Ng5 Rh5 21. Nf3 1/2-1/2


[Site "https://www.chess.com"]

[Event "Titled Tuesday Blitz November 14 Early 2023"]
[White "EvgenyBurmakin"]
[Black "Reprintsev, Alexander"]
[BlackFideId "14100541"]
[WhiteElo "2380"]
[BlackElo "2548"]
[Result "1-0"]
[Round "10"]
[TimeControl "180+1"]
[Date "2023.11.14"]
[WhiteClock "0:00:24"]
[BlackClock "0:00:20"]
[Board "86"]

1. e4 d5 2. exd5 Qxd5 3. Nc3 Qd6 4. d4 c6 5. Nf3 Bf5 6. Bc4 e6 7. O-O Nd7 8. Re1 Ngf6 9. Qe2 Bg4 10. Be3 Be7 11. h3 Bh5 12. a4 Nb6 13. Bb3 Nbd5 14. g4 Nxc3 15. bxc3 Nxg4 16. hxg4 Bxg4 17. Kg2 h5 18. Qd3 h4 19. Ne5 Bf5 20. Qe2 Be4+ 21. f3 Bf5 22. Bf4 g5 23. Bh2 Qd8 24. Bc4 Bd6 25. Bd3 Bxd3 26. cxd3 Qc7 27. Kh1 O-O-O 28. a5 a6 29. Nc4 Bf4 30. Rab1 Rdg8 31. Ne5 f6 32. Ng4 Bxh2 33. Qxh2 Qe7 34. Rb2 f5 35. Ne5 Qa3 36. Nc4 Qxc3 37. Nb6+ Kd8 38. Qd6+ Ke8 39. Rxe6+ Kf7 40. Qe7# 1-0


[Site "https://www.chess.com"]

[Event "Titled Tuesday Blitz November 14 Early 2023"]
[White "Yaksin, Oleg"]
[Black "alfianasybullina"]
[WhiteFideId "24105880"]
[WhiteElo "2540"]
[BlackElo "2301"]
[Result "1-0"]
[Round "10"]
[TimeControl "180+1"]
[Date "2023.11.14"]
[WhiteClock "0:00:06"]
[BlackClock "0:00:10"]
[Board "87"]

1. d4 Nf6 2. c4 c5 3. d5 e6 4. Nc3 exd5 5. cxd5 d6 6. g3 g6 7. Bg2 Bg7 8. Nf3 O-O 9. O-O a6 10. a4 Qe7 11. Re1 Ne8 12. Nd2 Nc7 13. Nc4 Nd7 14. Bf4 Ne5 15. Nb6 Rb8 16. Rc1 g5 17. Bd2 f5 18. Qc2 Nd7 19. Nxc8 Rbxc8 20. Bh3 Qf6 21. b3 b5 22. Bg2 Ne5 23. Nd1 b4 24. Ne3 f4 25. Nc4 f3 26. Nxe5 fxg2 27. Ng4 Qd4 28. h3 h5 29. Ne3 Nxd5 30. Qc4 Qxc4 31. Nxc4 Rcd8 32. Bxg5 Bf6 33. Bh6 Bg7 34. Bxg7 Kxg7 35. Rcd1 Nc3 36. Rxd6 Rxd6 37. Nxd6 Rd8 38. Nc4 Re8 39. e3 Ne4 40. Kxg2 Rf8 41. Re2 Ng5 42. h4 Nf3 43. Nd2 Ne5 44. f4 Nd3 45. Nc4 Re8 46. Rd2 Nc1 47. Rd7+ Kg8 48. Kf3 Nxb3 49. Rc7 Rd8 50. f5 Rd1 51. Kf4 Rf1+ 52. Kg5 Rg1 53. Kf6 Rxg3 54. e4 Nd4 55. e5 Rf3 56. Nd6 b3 57. Rb7 c4 58. Nxc4 Rxf5+ 59. Kg6 Rf8 60. Nd6 Rd8 61. Rg7+ Kf8 62. Rf7+ Kg8 63. Rg7+ Kf8 64. Rf7+ Kg8 65. Ne4 Ne6 66. Nf6+ Kh8 67. Rh7# 1-0


[Site "https://www.chess.com"]

[Event "Titled Tuesday Blitz November 14 Early 2023"]
[White "VitaliyChayka"]
[Black "RodokininEV"]
[WhiteElo "2261"]
[BlackElo "2526"]
[Result "0-1"]
[Round "10"]
[TimeControl "180+1"]
[Date "2023.11.14"]
[WhiteClock "0:00:45"]
[BlackClock "0:01:59"]
[Board "88"]

1. d4 Nf6 2. Bf4 g6 3. e3 Bg7 4. h3 d6 5. Nf3 O-O 6. c3 Nc6 7. Be2 Nd7 8. O-O e6 9. Bh2 e5 10. a4 Qe7 11. a5 a6 12. Qb3 Kh8 13. Nbd2 f5 14. dxe5 dxe5 15. Nc4 f4 16. exf4 exf4 17. Rfe1 Qf7 18. Ng5 Qf5 19. Nf3 g5 20. Rad1 Qg6 21. Bd3 Qh5 22. Qa3 Nf6 23. Nfe5 g4 24. hxg4 Nxg4 25. Nxg4 Bxg4 26. f3 Bxf3 27. gxf3 Qxf3 28. Qc5 Bd4+ 29. cxd4 Rg8+ 0-1


[Site "https://www.chess.com"]

[Event "Titled Tuesday Blitz November 14 Early 2023"]
[White "Jovic, Stanoje"]
[Black "Suduvasachmatai"]
[WhiteFideId "905020"]
[WhiteElo "2513"]
[BlackElo "2260"]
[Result "1-0"]
[Round "10"]
[TimeControl "180+1"]
[Date "2023.11.14"]
[WhiteClock "0:00:07"]
[BlackClock "0:00:05"]
[Board "89"]

1. c4 e5 2. g3 Nf6 3. Bg2 c6 4. d4 exd4 5. Qxd4 d5 6. Nc3 Be6 7. Nf3 Na6 8. cxd5 cxd5 9. Bg5 Be7 10. O-O O-O 11. Rfd1 h6 12. Bxf6 Bxf6 13. Qa4 Nc5 14. Qb5 Bxc3 15. Qxc5 Ba5 16. e4 Bb6 17. Qb4 Rc8 18. exd5 Bf5 19. d6 Rc2 20. Nd4 Bxd4 21. Rxd4 b6 22. g4 Qh4 23. Rf1 Bg6 24. d7 Rd8 25. h3 Qf6 26. Rf4 Qe6 27. Rd1 Rxd7 28. Rxd7 Qxd7 29. a4 Rc1+ 30. Kh2 Qc7 31. Qd2 Rc4 32. Kg3 Bd3 33. b3 Rc3 34. Bf3 g5 35. Qxc3 Qxf4+ 36. Kg2 Bf1+ 37. Kxf1 Qh2 38. Ke2 Qf4 39. Qe3 Qb4 40. Kf1 Qa3 41. Kg2 Qa1 42. Bd5 Qf6 43. Qf3 Kg7 44. Qxf6+ Kxf6 45. Kf3 Ke5 46. Bxf7 Kd4 47. Ke2 Ke4 48. f3+ Kf4 49. Kf2 a5 50. Bg8 Ke5 51. Ke3 Kf6 52. f4 Kg7 53. Be6 Kf6 54. f5 Ke5 55. Kd3 Kf6 56. Kc4 Ke5 57. Kb5 Kf6 58. Kxb6 1-0


[Site "https://www.chess.com"]

[Event "Titled Tuesday Blitz November 14 Early 2023"]
[White "Rasmussen, Casper"]
[Black "Nagare Kaivalya Sandip"]
[WhiteFideId "1402005"]
[BlackFideId "25957929"]
[WhiteElo "2310"]
[BlackElo "2645"]
[Result "0-1"]
[Round "10"]
[TimeControl "180+1"]
[Date "2023.11.14"]
[WhiteClock "0:00:21"]
[BlackClock "0:01:49"]
[Board "90"]

1. c4 Nf6 2. g3 g6 3. Bg2 Bg7 4. Nc3 O-O 5. d3 c5 6. Bg5 Nc6 7. Qd2 d6 8. Bh6 Be6 9. h4 Qd7 10. h5 Ne5 11. Bxg7 Kxg7 12. hxg6 fxg6 13. Qh6+ Kg8 14. Nf3 Nxf3+ 15. Bxf3 Rf7 16. O-O-O Raf8 17. Rh4 a6 18. Rdh1 b5 19. Ne4 bxc4 20. Ng5 cxd3 21. Nxh7 Nxh7 22. Qxg6+ Rg7 23. Qxd3 Bf5 24. Be4 Bxe4 25. Qxe4 Qf5 26. Qc4+ d5 27. Qxc5 Rc8 0-1


[Site "https://www.chess.com"]

[Event "Titled Tuesday Blitz November 14 Early 2023"]
[White "Borgaonkar Akshay"]
[Black "Dudzinski, Pawel"]
[WhiteFideId "25639110"]
[BlackFideId "1117890"]
[WhiteElo "2622"]
[BlackElo "2497"]
[Result "1-0"]
[Round "10"]
[TimeControl "180+1"]
[Date "2023.11.14"]
[WhiteClock "0:02:02"]
[BlackClock "0:01:47"]
[Board "91"]

1. d4 f5 2. Bg5 g6 3. Nc3 Bg7 4. Qd2 h6 5. Bf4 g5 6. Be5 Nf6 7. h4 g4 8. O-O-O d6 9. Bf4 Nc6 10. f3 Nh5 11. d5 Nxf4 12. dxc6 Ng6 13. e4 bxc6 14. exf5 Bxf5 15. fxg4 Bxg4 16. Be2 Bxe2 17. Ngxe2 e5 18. Qd3 Qf6 19. Rhf1 Qe6 20. Rde1 c5 21. Nd5 O-O-O 22. Qa6+ Kd7 23. Qb5+ Kc8 24. Qc6 Kb8 25. Rf3 1-0


[Site "https://www.chess.com"]

[Event "Titled Tuesday Blitz November 14 Early 2023"]
[White "Pastar, Slaven"]
[Black "Kanyamarala, Trisha"]
[WhiteFideId "14402718"]
[BlackFideId "45004722"]
[WhiteElo "2616"]
[BlackElo "2497"]
[Result "1-0"]
[Round "10"]
[TimeControl "180+1"]
[Date "2023.11.14"]
[WhiteClock "0:01:24"]
[BlackClock "0:00:04"]
[Board "92"]

1. Nf3 d5 2. g3 Nf6 3. Bg2 e6 4. O-O b5 5. d3 Be7 6. b3 O-O 7. Bb2 c5 8. c4 bxc4 9. bxc4 Nc6 10. cxd5 exd5 11. Ne5 Nxe5 12. Bxe5 Be6 13. Nc3 d4 14. Bxa8 Qxa8 15. Bxf6 Bxf6 16. Ne4 Be7 17. f3 Bh3 18. Re1 Bd7 19. Rc1 Rc8 20. Qd2 f5 21. Nf2 Qd5 22. Qa5 Bg5 23. Rc4 Be3 24. Qxa7 h5 25. Rb1 f4 26. Rb8 fxg3 27. hxg3 Qe5 28. Rxc8+ Bxc8 29. f4 Bxf2+ 30. Kxf2 Qe3+ 31. Ke1 Bg4 32. Qa8+ Kh7 33. Qe4+ Qxe4 34. dxe4 Be6 35. Rxc5 Bxa2 36. Rxh5+ Kg6 37. Rg5+ Kf6 38. Kd2 Bc4 39. e3 d3 40. Rc5 1-0


[Site "https://www.chess.com"]

[Event "Titled Tuesday Blitz November 14 Early 2023"]
[White "Zoete, Roelant"]
[Black "Al-Tarboush, Ward"]
[WhiteFideId "40103269"]
[BlackFideId "7601450"]
[WhiteElo "2488"]
[BlackElo "2610"]
[Result "0-1"]
[Round "10"]
[TimeControl "180+1"]
[Date "2023.11.14"]
[WhiteClock "0:01:28"]
[BlackClock "0:02:02"]
[Board "93"]

1. c4 c5 2. g3 Nc6 3. Bg2 g6 4. Nc3 Bg7 5. d3 Nh6 6. e4 O-O 7. Be3 d6 8. h3 f5 9. Qd2 Nf7 10. f4 a6 11. Nf3 Rb8 12. O-O b5 13. b3 b4 14. Nd5 Bxa1 15. Rxa1 e6 16. exf5 exd5 17. fxg6 hxg6 18. Nh4 Ne7 19. cxd5 Bb7 20. d4 Nxd5 21. Nxg6 Nxe3 22. Bxb7 Rxb7 23. Nxf8 cxd4 24. Ne6 Qf6 25. Nxd4 Nc2 26. Nxc2 Rc7 27. Nxb4 Qxa1+ 28. Kg2 Qc3 0-1


[Site "https://www.chess.com"]

[Event "Titled Tuesday Blitz November 14 Early 2023"]
[White "Hajiyev, Kanan"]
[Black "Karamsetty, Jeevan"]
[WhiteFideId "13404148"]
[BlackFideId "2025337"]
[WhiteElo "2475"]
[BlackElo "2593"]
[Result "1-0"]
[Round "10"]
[TimeControl "180+1"]
[Date "2023.11.14"]
[WhiteClock "0:00:14"]
[BlackClock "0:00:00"]
[Board "94"]

1. d4 d5 2. Nf3 c5 3. c4 e6 4. Nc3 Nf6 5. cxd5 exd5 6. Bg5 cxd4 7. Nxd4 Be7 8. e3 O-O 9. Bd3 h6 10. Bh4 Nc6 11. Nxc6 bxc6 12. O-O Be6 13. Rc1 c5 14. Na4 c4 15. Bb1 g5 16. Bg3 Bd6 17. Qc2 Kg7 18. Rfd1 Bxg3 19. hxg3 Qa5 20. Nc3 Rh8 21. Ne2 Bg4 22. f3 Bh5 23. Nd4 Bg6 24. Qc3 Qxc3 25. bxc3 Rab8 26. Bxg6 Kxg6 27. Rb1 Rhc8 28. Kf2 Nd7 29. g4 Nc5 30. Nf5 Nd3+ 31. Kg3 Rh8 32. Rh1 h5 33. Ne7+ Kf6 34. Nxd5+ Ke5 35. Ne7 h4+ 36. Kh2 Ke6 37. Nc6 Rb6 38. Nxa7 Ra6 39. Nb5 Rxa2 40. Nd4+ Kd5 41. Rb5+ Kd6 42. Rhb1 h3 43. Rb6+ Ke7 44. Rb7+ Kf6 45. R1b6+ Ke5 46. Re7+ Kd5 47. e4+ 1-0


[Site "https://www.chess.com"]

[Event "Titled Tuesday Blitz November 14 Early 2023"]
[White "Yurasova, Daria"]
[Black "Perez Rodriguez, Luis Manuel"]
[WhiteFideId "34146919"]
[BlackFideId "3503364"]
[WhiteElo "2471"]
[BlackElo "2587"]
[Result "1-0"]
[Round "10"]
[TimeControl "180+1"]
[Date "2023.11.14"]
[WhiteClock "0:00:49"]
[BlackClock "0:00:01"]
[Board "95"]

1. d4 d5 2. Nf3 Nf6 3. Bf4 g6 4. e3 Bg7 5. Nbd2 c5 6. c3 b6 7. Bb5+ Bd7 8. Bd3 O-O 9. Qe2 Bc6 10. Ne5 Bb7 11. h4 Ne4 12. h5 Nd7 13. hxg6 hxg6 14. Bxe4 dxe4 15. Qg4 Nxe5 16. Bxe5 Qd5 17. Qh4 f6 18. Bg3 cxd4 19. cxd4 Rac8 20. O-O Rc2 21. Nb3 Kf7 22. Qg4 Rh8 23. Rac1 Bc8 24. Qd1 Rxb2 25. Rc7 Ba6 26. Re1 Qg5 27. Bd6 Re8 28. Rxa7 Bd3 29. Nc1 Bc4 30. Qa4 Be6 31. Bxe7 Rxe7 32. Rxe7+ Kxe7 33. Qa3+ Kf7 34. Qxb2 Bh3 35. Qb3+ Kf8 36. Qb4+ Kg8 37. Qc4+ Kh7 38. Qf1 Bg4 39. Ne2 f5 40. Rc1 Qh5 41. Nf4 Qh4 42. g3 Qh6 43. Rc7 Bf3 44. Qh3 1-0


[Site "https://www.chess.com"]

[Event "Titled Tuesday Blitz November 14 Early 2023"]
[White "Ramla2020"]
[Black "Jaskolka, Tomasz"]
[BlackFideId "1170791"]
[WhiteElo "2454"]
[BlackElo "2552"]
[Result "1-0"]
[Round "10"]
[TimeControl "180+1"]
[Date "2023.11.14"]
[WhiteClock "0:00:31"]
[BlackClock "0:00:15"]
[Board "96"]

1. c4 e5 2. g3 Nf6 3. Bg2 d5 4. cxd5 Nxd5 5. Nf3 Nc6 6. O-O Be6 7. d4 e4 8. Ne5 Nxe5 9. dxe5 f5 10. exf6 Nxf6 11. Nc3 Bf5 12. Bg5 Be7 13. Qb3 Qc8 14. Bxf6 Bxf6 15. Nxe4 Be7 16. Rac1 c6 17. Nc5 Bxc5 18. Rxc5 Be6 19. Re5 Kf7 20. Qe3 Re8 21. b3 Qd7 22. Be4 Kg8 23. Re1 Bg4 24. Rxe8+ Rxe8 25. Qd3 Qxd3 26. Bxd3 Be6 27. e4 g6 28. f4 Kg7 29. Kf2 a5 30. Ke3 a4 31. bxa4 Ra8 32. Bc2 Bxa2 33. Rd1 Be6 34. Rb1 Ra7 35. Kd4 Kf6 36. Kc5 Bc8 37. e5+ Ke7 38. Bb3 Ra5+ 39. Kb4 Ra7 40. Rd1 b6 41. Rd6 Bd7 42. Kc3 c5 43. Rxb6 Bxa4 44. Bxa4 Rxa4 45. Rb7+ Ke6 46. Rxh7 g5 47. Rh6+ Kd5 48. Rd6+ Ke4 49. e6 Ra8 50. fxg5 Kf5 51. h4 Ke5 52. Rc6 Kd5 53. Rb6 Ra3+ 54. Kd2 Ra2+ 55. Ke3 Ra3+ 56. Kf4 Ra1 57. Kg4 Re1 58. g6 Re4+ 59. Kg5 Re3 60. g4 c4 61. g7 Re5+ 62. Kf6 c3 63. Rb5+ Kd4 64. Rxe5 c2 65. Re1 Kd3 66. Rc1 Kc3 67. Rxc2+ Kxc2 68. g8=Q Kc3 69. e7 Kd4 70. e8=Q Kc5 71. Kg5 Kd6 72. h5 Kc5 73. h6 Kd6 74. h7 Kc5 75. Kf6 Kd6 76. Kf7 Kc5 77. g5 Kd6 78. g6 Kc5 79. g7 Kd6 80. h8=Q Kc5 81. Qgf8+ Kd5 82. g8=Q Kc4 83. Qg4+ Kd5 84. Qhh5# 1-0


[Site "https://www.chess.com"]

[Event "Titled Tuesday Blitz November 14 Early 2023"]
[White "Iskusnyh, Sergei"]
[Black "Jesseinkman"]
[WhiteFideId "4120027"]
[WhiteElo "2539"]
[BlackElo "2449"]
[Result "1-0"]
[Round "10"]
[TimeControl "180+1"]
[Date "2023.11.14"]
[WhiteClock "0:00:13"]
[BlackClock "0:00:06"]
[Board "97"]

1. d4 d5 2. c4 e6 3. Nf3 a6 4. Nbd2 dxc4 5. Nxc4 b5 6. Nce5 c5 7. g3 Bb7 8. Bg2 cxd4 9. Nxf7 Bb4+ 10. Bd2 Bxd2+ 11. Qxd2 Kxf7 12. Ne5+ Ke8 13. Bxb7 Ra7 14. Bg2 Nf6 15. Rd1 Ke7 16. Qb4+ Qd6 17. Qxd6+ Kxd6 18. f4 Rc7 19. Rxd4+ Ke7 20. Rd2 Nbd7 21. Nc6+ Kf7 22. O-O Rhc8 23. Ne5+ Ke7 24. Nxd7 Nxd7 25. Rfd1 Nf6 26. Bf3 Rc1 27. Rxc1 Rxc1+ 28. Kf2 Nd7 29. Be4 g6 30. Rc2 Ra1 31. a3 Nb6 32. Rc6 Nc4 33. Rxa6 Nxb2 34. Ra7+ Kd6 35. Rxh7 Rxa3 36. Bxg6 Nd1+ 37. Ke1 Ne3 38. h4 b4 39. Rb7 b3 40. h5 Nc2+ 41. Kf2 Nd4 42. h6 Ra2 43. Bd3 b2 44. h7 Ra8 45. Rxb2 Rh8 46. Rb7 Nc6 47. Rg7 Ne7 48. g4 Rf8 49. Kg3 Rh8 50. g5 Kd5 51. g6 Kd4 52. Kg4 Kd5 53. Kg5 Kd6 54. Rxe7 Kxe7 55. g7 Rd8 56. g8=Q Rd7 57. Qg7+ Kd6 58. Qxd7+ Kxd7 59. h8=Q Ke7 60. Qg7+ 1-0


[Site "https://www.chess.com"]

[Event "Titled Tuesday Blitz November 14 Early 2023"]
[White "Karas, Marek"]
[Black "Estrada Nieto, Julian"]
[WhiteFideId "14928558"]
[BlackFideId "5101018"]
[WhiteElo "2539"]
[BlackElo "2431"]
[Result "0-1"]
[Round "10"]
[TimeControl "180+1"]
[Date "2023.11.14"]
[WhiteClock "0:00:27"]
[BlackClock "0:01:47"]
[Board "98"]

1. h4 e5 2. c4 Nc6 3. Nc3 Nf6 4. e3 d5 5. cxd5 Nxd5 6. Nf3 Nxc3 7. bxc3 Be7 8. d4 exd4 9. cxd4 O-O 10. Bd3 Bb4+ 11. Bd2 Bxd2+ 12. Qxd2 Bg4 13. Ng5 h6 14. f3 Bd7 15. Ne4 Qe7 16. Kf2 Rad8 17. Qe2 Rfe8 18. g4 Nb4 19. Rad1 Nxd3+ 20. Rxd3 Bb5 21. Kg3 Bxd3 22. Qxd3 c5 23. d5 Qe5+ 24. Kg2 Qxd5 25. Qa3 Rxe4 26. fxe4 Qxe4+ 0-1


[Site "https://www.chess.com"]

[Event "Titled Tuesday Blitz November 14 Early 2023"]
[White "Ben Artzi, Ido"]
[Black "Buchenau, Frank"]
[WhiteFideId "2810913"]
[BlackFideId "4604350"]
[WhiteElo "2537"]
[BlackElo "2422"]
[Result "1-0"]
[Round "10"]
[TimeControl "180+1"]
[Date "2023.11.14"]
[WhiteClock "0:00:41"]
[BlackClock "0:00:00"]
[Board "99"]

1. e4 e6 2. d4 d5 3. e5 c5 4. c3 Qb6 5. Nf3 Bd7 6. a4 cxd4 7. cxd4 Nc6 8. Nc3 Nb4 9. Be2 Ne7 10. O-O Rc8 11. a5 Qd8 12. Ne1 Nec6 13. Be3 Be7 14. Nd3 Nxa5 15. Nc5 Bxc5 16. dxc5 Nac6 17. f4 d4 18. Bxd4 Nxd4 19. Qxd4 Nc2 20. Qd6 Nxa1 21. Rxa1 a6 22. Ne4 Bc6 23. Bh5 Qe7 24. Ng5 g6 25. Bf3 Bxf3 26. gxf3 Rxc5 27. Qb8+ Qd8 28. Qxd8+ Kxd8 29. Nxf7+ Ke7 30. Nxh8 Rc8 31. Nxg6+ hxg6 32. Ra4 Rc1+ 33. Kf2 Rc2+ 34. Kg3 Rxb2 35. Rc4 Kd7 36. Rd4+ Ke7 37. Rc4 Kd7 38. h4 b5 39. Rd4+ Ke7 40. Rd6 a5 41. Ra6 a4 42. Ra7+ Ke8 43. f5 gxf5 44. Kf4 Rh2 45. Kg5 a3 46. Rxa3 Kd7 47. Ra7+ Kc6 48. Ra6+ Kd5 49. Kf6 b4 50. Rxe6 b3 51. Rb6 b2 52. e6 Kc5 53. Rb8 Kc4 54. e7 Re2 55. Rxb2 1-0


[Site "https://www.chess.com"]

[Event "Titled Tuesday Blitz November 14 Early 2023"]
[White "vishwa_vijeta"]
[Black "Haitin, Ilja"]
[BlackFideId "4501764"]
[WhiteElo "2518"]
[BlackElo "2421"]
[Result "1-0"]
[Round "10"]
[TimeControl "180+1"]
[Date "2023.11.14"]
[WhiteClock "0:01:42"]
[BlackClock "0:00:01"]
[Board "100"]

1. e4 e5 2. Nf3 Nc6 3. d4 exd4 4. Bc4 Nf6 5. Ng5 Ne5 6. Qxd4 Nxc4 7. Qxc4 d5 8. exd5 Qxd5 9. Qe2+ Be7 10. O-O h6 11. Re1 Qd8 12. Nf3 Be6 13. Qb5+ Qd7 14. Qxb7 O-O 15. Nc3 Rfb8 16. Qa6 Rb4 17. Ne5 Qd6 18. Nc6 Rb6 19. Nxe7+ Qxe7 20. Qd3 Rd8 21. Qg3 Qd7 22. Bxh6 Nh5 23. Qg5 Bg4 24. h3 Rg6 25. Qe3 Bxh3 26. Bg5 Bxg2 27. Rad1 Qh3 28. Rxd8+ Kh7 29. Qxh3 Bxh3 30. Kh2 Rxg5 31. Kxh3 Rf5 32. Kg4 g6 33. Ne4 Nf6+ 34. Nxf6+ Rxf6 35. Rh1+ Kg7 36. Kg3 Rc6 37. c3 Ra6 38. a3 Rb6 39. b4 Re6 40. Rhd1 Re2 41. R1d2 Re1 42. Ra2 f5 43. a4 g5 44. Rd7+ Kf6 45. Rxc7 Ke5 46. Re7+ 1-0


[Site "https://www.chess.com"]

[Event "Titled Tuesday Blitz November 14 Early 2023"]
[White "Mayaud, Raphael"]
[Black "Tifferet, Shaked"]
[WhiteFideId "627151"]
[BlackFideId "2811529"]
[WhiteElo "2419"]
[BlackElo "2517"]
[Result "0-1"]
[Round "10"]
[TimeControl "180+1"]
[Date "2023.11.14"]
[WhiteClock "0:00:00"]
[BlackClock "0:00:07"]
[Board "101"]

1. d4 e6 2. Nf3 b6 3. e4 Bb7 4. Bd3 c5 5. c3 Nf6 6. Qe2 d5 7. Nbd2 dxe4 8. Nxe4 Nxe4 9. Bxe4 Bxe4 10. Qxe4 Qd5 11. Qxd5 exd5 12. dxc5 bxc5 13. O-O Nd7 14. Rd1 Nb6 15. Bf4 f6 16. Bc7 Kd7 17. Bxb6 axb6 18. Rxd5+ Kc6 19. Rd2 Bd6 20. a3 g5 21. h3 h5 22. Rad1 Bc7 23. Ne1 g4 24. Rd7 gxh3 25. gxh3 Rae8 26. Rf7 Rhg8+ 27. Kf1 Rg6 28. Ng2 Reg8 29. Ne3 Bf4 30. Ke2 Re8 31. Kf3 Bxe3 32. fxe3 Re5 33. Rdd7 Rf5+ 34. Ke4 Re5+ 35. Kf4 Kb5 36. b3 c4 37. a4+ Kc5 38. b4+ Kc6 39. Rc7+ Kd6 40. Rb7 Ke6 41. Rfe7+ Kd6 42. Red7+ Ke6 43. Rdc7 Rf5+ 44. Ke4 Re5+ 45. Kd4 Kf5 46. Rxb6 Rg1 47. e4+ Rxe4+ 48. Kc5 Rg3 49. Kb5 Rxc3 50. Rxc4 Rcxc4 0-1


[Site "https://www.chess.com"]

[Event "Titled Tuesday Blitz November 14 Early 2023"]
[White "UK_23"]
[Black "Arngrimsson, Dagur"]
[BlackFideId "2301288"]
[WhiteElo "2407"]
[BlackElo "2516"]
[Result "0-1"]
[Round "10"]
[TimeControl "180+1"]
[Date "2023.11.14"]
[WhiteClock "0:00:45"]
[BlackClock "0:00:48"]
[Board "102"]

1. e4 e5 2. Nf3 Nc6 3. Bc4 Nf6 4. d3 Be7 5. O-O O-O 6. Re1 a6 7. a4 d6 8. a5 Be6 9. Nc3 Qd7 10. Nd5 Kh8 11. h3 Rg8 12. Ng5 Raf8 13. c3 h6 14. Nxe6 fxe6 15. Ne3 d5 16. exd5 exd5 17. Bb3 Bc5 18. Qe2 d4 19. Nc4 dxc3 20. bxc3 Nd5 21. Be3 Nf4 22. Bxf4 Rxf4 23. Ne3 Rgf8 24. Rf1 Qe7 25. Nd5 Rxf2 26. Rxf2 Rxf2 27. Nxe7 Rxe2+ 28. Kf1 Rf2+ 29. Ke1 Rxg2 30. Kf1 Rg1+ 0-1


[Site "https://www.chess.com"]